 Dungeon Crawl Stone Soup version 0.30-a0-830-gfe289a77b0 (webtiles) character file.

Game seed: 16155142233413847618

380 testman the Magician (level 6, -1/51 HPs)
             Began as a Gnoll Wanderer on Feb 28, 2023.
             Was a Follower of Cheibriados.
             Slain by an iguana (5 damage)
             ... on level 4 of the Dungeon.
             The game lasted 00:10:33 (3337 turns).

testman the Magician (Gnoll Wanderer)               Turns: 3337, Time: 00:10:33

Health: -1/51      AC:  7    Str: 12    XL:     6   Next: 75%
Magic:  23/23      EV: 10    Int: 17    God:    Cheibriados [*.....]
Gold:   188        SH:  0    Dex: 16    Spells: 15/15 levels left

rFire   + . .      SeeInvis .    a - +2 mace
rCold   . . .      Faith    .    c - +0 buckler
rNeg    . . .      Spirit   .    h - +0 ring mail
rPois   .          Reflect  .    g - +0 hat
rElec   .          Harm     .    s - +1 cloak
rCorr   .          Rampage  .    (no gloves)
Will    .....                    (no boots) Stlth
                                 A - amulet of magic regeneration
HPRegen 0.28/turn                f - ring of protection from fire
MPRegen 0.58/turn                o - ring of magical power

@: confused, weak-willed, ambrosia-drunk, very slow
A: fangs 1, strong nose, distributed training
a: Renounce Religion, Bend Time


You were on level 4 of the Dungeon.
You worshipped Cheibriados.
Cheibriados was aware of your devotion.
You visited 1 branch of the dungeon, and saw 4 of its levels.

You collected 188 gold pieces.

Inventory:

Hand Weapons
 a - a +2 mace (weapon)
 b - a +1 falchion
Missiles
 j - 14 poisoned darts (quivered)
Armour
 c - a +0 buckler (worn)
 e - a +0 robe
 g - a +0 hat (worn)
 h - a +0 ring mail (worn)
 s - a +1 cloak (worn)
Jewellery
 f - a ring of protection from fire (left hand)
 o - a ring of magical power (right hand)
 A - an amulet of magic regeneration (around neck)
Wands
 u - a wand of charming (8)
Scrolls
 d - 3 scrolls of teleportation
 k - a scroll of immolation
 n - 3 scrolls of identify
 r - a scroll of vulnerability
 B - a scroll of enchant armour
Potions
 i - a potion of mutation
 l - 4 potions of curing
 p - a potion of might {unknown}
 q - a potion of flight {unknown}
 v - a potion of lignification {unknown}
 w - a potion of attraction {unknown}
 x - a potion of resistance {unknown}
 z - a potion of brilliance {unknown}


   Skills:
 + Level 5.1 Fighting
 + Level 2.2 Short Blades
 + Level 3.4 Long Blades
 + Level 2.2 Axes
 + Level 5.1 Maces & Flails
 + Level 2.2 Polearms
 + Level 2.2 Staves
 + Level 2.2 Ranged Weapons
 + Level 2.2 Throwing
 + Level 3.4 Armour
 + Level 2.2 Dodging
 + Level 2.2 Stealth
 + Level 5.1 Shields
 + Level 2.2 Unarmed Combat
 + Level 5.4 Spellcasting
 + Level 1.7 Conjurations
 + Level 1.7 Hexes
 + Level 1.7 Summonings
 + Level 1.7 Necromancy
 + Level 1.7 Translocations
 + Level 1.7 Transmutations
 + Level 1.7 Fire Magic
 + Level 1.7 Ice Magic
 + Level 1.7 Air Magic
 + Level 1.7 Earth Magic
 + Level 1.7 Poison Magic
 + Level 2.4 Invocations
 + Level 2.2 Evocations


You had 15 spell levels left.
You didn't know any spells.
Your spell library contained the following spells:

 Spells                   Type           Power      Damage    Failure   Level
 Static Discharge         Conj/Air       20%        2-3/arc   28%         2
 Ozocubu's Armour         Ice            10%        N/A       50%         3
 Vhi's Electric Charge    Tloc/Air       20%        N/A       50%         3
 Arcjolt                  Conj/Air       5%         1d15      99%         5
 Lightning Bolt           Conj/Air       5%         1d17      99%         5
 Ozocubu's Refrigeration  Ice            5%         4d8       100%        7


Dungeon Overview and Level Annotations

Branches:
Dungeon (4/15)
 Temple: D:4-7

Altars:
Cheibriados
Dithmenos
Elyvilon
Makhleb
Nemelex Xobeh
Sif Muna
Trog
Uskayaw
The Shining One

Shops:
D:2 (


Innate Abilities, Weirdness & Mutations

You have very sharp teeth.
Your uncanny sense of smell can sniff out nearby items.
Your experience applies equally to all skills.


Message History

Okay, then.
Okay, then.
Okay, then.
As you read the scroll labelled COGAMUELOU, it crumbles to dust.
It is a scroll of identify.
i - a potion of mutation The hound bites you.
* * * LOW HITPOINT WARNING * * *
The iguana barely misses you.
As you read the scroll labelled WAVVEYNISYM, it crumbles to dust.
Magic quickly surges around you.
It was a scroll of vulnerability.
You block the hound's attack. The hound bites you but does no damage.
The iguana barely misses you.
As you read the scroll labelled BUNUXZ BIBBE, it crumbles to dust.
The creatures around you are filled with an inner flame!
It was a scroll of immolation.
The hound barely misses you. The iguana barely misses you.
As you read the scroll labelled WULIPS JONA, it crumbles to dust.
It is a scroll of enchant weapon.
Your +0 falchion glows red for a moment.
The hound bites you but does no damage. x2; The iguana barely misses you.
As you read the scroll labelled ACOH SOMOSE, it crumbles to dust.
You hear a loud clanging noise!
It was a scroll of noise.
The hound closely misses you. The iguana bites you.
* * * LOW HITPOINT WARNING * * *
As you read the scroll labelled LAOCKO HI HAPN, it crumbles to dust.
It is a scroll of enchant armour.
Your +0 cloak glows green for a moment.
The hound barely misses you. You block the hound's attack.
The iguana bites you but does no damage.
The air fills with toxic fumes!
As you read the scroll labelled SOTEGGO BIKU, it crumbles to dust.
It was a scroll of poison.
The hound bites you but does no damage. The iguana bites you!
* * * LOW HITPOINT WARNING * * *
It was a potion of ambrosia.
You are confused.
You feel invigorated. The hound bites you but does no damage.
The hound misses you. The iguana bites you.
You die...

##.#.# ####.# #.##
#...# #.# #.## #.###
#.# #.## #.# #.# #...
#.# #.# #### #.# ###
#.######## #.# ##§§#
######....>.... #.#
#§§§§###......########
#.# #§§l@§########
#.#####§h#§§## #...#
#####§§# #...# ###.§##
∆ ### ##.#####...##
... #.###....## ###
#.##....## #......##
###....#


You could see an iguana (inner flame, weak-willed) and a hound (inner flame,
weak-willed).

Vanquished Creatures
  A phantom (D:4)
  A scorpion (D:4)
  2 orc priests (D:3)
  A jelly (D:4)
  An orc wizard (D:3)
  6 adders
  2 worms
  2 dart slugs (D:1)
  8 orcs
  An endoplasm (D:4)
  5 giant cockroaches
  8 goblins
  6 hobgoblins
  A quokka (D:1)
  5 ball pythons
  5 bats
  4 frilled lizards
  8 kobolds
  2 rats
69 creatures vanquished.

Notes
Turn   | Place    | Note
-------+----------+-------------------------------------------
     0 | D:1      | testman the Gnoll Wanderer began the quest for the Orb.
     0 | D:1      | testman set off with the following items: a +2 mace, a +0
                  | falchion, a +0 buckler, a scroll of teleportation, a +0
                  | robe.
     0 | D:1      | Reached XP level 1. HP: 20/20 MP: 6/6
   154 | D:1      | Reached XP level 2. HP: 24/26 MP: 7/7
   437 | D:1      | Reached skill level 5 in Spellcasting
   437 | D:1      | Reached XP level 3. HP: 30/31 MP: 7/9
   909 | D:2      | Reached skill level 1 in Invocations
  1043 | D:2      | Found Sen Ytag's Weapon Shoppe.
  1058 | D:2      | Reached skill level 1 in Short Blades
  1058 | D:2      | Reached skill level 1 in Axes
  1058 | D:2      | Reached skill level 1 in Polearms
  1058 | D:2      | Reached skill level 1 in Staves
  1058 | D:2      | Reached skill level 1 in Ranged Weapons
  1058 | D:2      | Reached skill level 1 in Throwing
  1058 | D:2      | Reached skill level 1 in Dodging
  1058 | D:2      | Reached skill level 1 in Stealth
  1058 | D:2      | Reached skill level 1 in Unarmed Combat
  1058 | D:2      | Reached skill level 1 in Evocations
  1267 | D:2      | Reached XP level 4. HP: 38/38 MP: 11/11
  1533 | D:3      | Found a snail-covered altar of Cheibriados.
  1561 | D:3      | Became a worshipper of Cheibriados the Contemplative
  1615 | D:3      | Reached skill level 1 in Conjurations
  1615 | D:3      | Reached skill level 1 in Hexes
  1615 | D:3      | Reached skill level 1 in Summonings
  1615 | D:3      | Reached skill level 1 in Necromancy
  1615 | D:3      | Reached skill level 1 in Translocations
  1615 | D:3      | Reached skill level 1 in Transmutations
  1615 | D:3      | Reached skill level 1 in Fire Magic
  1615 | D:3      | Reached skill level 1 in Ice Magic
  1615 | D:3      | Reached skill level 1 in Air Magic
  1615 | D:3      | Reached skill level 1 in Earth Magic
  1615 | D:3      | Reached skill level 1 in Poison Magic
  1622 | D:3      | Reached XP level 5. HP: 27/43 MP: 12/12
  1805 | D:3      | Found a hide-covered altar of Uskayaw.
  1821 | D:3      | Found a shadowy altar of Dithmenos.
  1825 | D:3      | Found a shimmering blue altar of Sif Muna.
  1828 | D:3      | Found a bloodstained altar of Trog.
  1830 | D:3      | Found a sparkling altar of Nemelex Xobeh.
  1835 | D:3      | Found a glowing golden altar of the Shining One.
  1981 | D:3      | Found a white marble altar of Elyvilon.
  2593 | D:4      | Reached * piety under Cheibriados
  2730 | D:4      | Reached XP level 6. HP: 38/50 MP: 13/13
  3018 | D:4      | Reached skill level 5 in Fighting
  3018 | D:4      | Reached skill level 5 in Maces & Flails
  3018 | D:4      | Reached skill level 5 in Shields
  3019 | D:4      | HP: 2/51 [poisoned by a scorpion]
  3028 | D:4      | HP: 2/51 [scorpion (5)]
  3036 | D:4      | HP: 1/51 [worm (4)]
  3318 | D:4      | Found a burning altar of Makhleb.
  3336 | D:4      | HP: 1/51 [iguana (10)]
  3337 | D:4      | Slain by an iguana

Illustrated notes

Levels and vault maps discovered:
D:1:      dpeg_arrival_water_fire, layout_basic
D:2:      layout_rooms, serial_shops, nicolae_shop_bloodbath_and_beyond
D:3:      layout_basic, mainiacjoe_overflow_boulevard,
          nicolae_elyvilon_peaceful_grove, nicolae_overflow_hallway_of_the_gods
D:4:      layout_loops_ring, makhleb_blood_cavern_becter

Skill      XL: |  1  2  3  4  5  6 |
---------------+-------------------+-----
Spellcasting   | 5 |  5.4
Invocations    | 1 2 |  2.4
Short Blades   | 1 2 |  2.2
Axes           | 1 2 |  2.2
Polearms       | 1 2 |  2.2
Staves         | 1 2 |  2.2
Ranged Weapons | 1 2 |  2.2
Throwing       | 1 2 |  2.2
Dodging        | 1 2 |  2.2
Stealth        | 1 2 |  2.2
Unarmed Combat | 1 2 |  2.2
Evocations     | 1 2 |  2.2
Conjurations   | 1 |  1.7
Hexes          | 1 |  1.7
Summonings     | 1 |  1.7
Necromancy     | 1 |  1.7
Translocations | 1 |  1.7
Transmutations | 1 |  1.7
Fire Magic     | 1 |  1.7
Ice Magic      | 1 |  1.7
Air Magic      | 1 |  1.7
Earth Magic    | 1 |  1.7
Poison Magic   | 1 |  1.7
Long Blades    | 3 |  3.4
Armour         | 3 |  3.4
Fighting       | 5 |  5.1
Maces & Flails | 5 |  5.1
Shields        | 5 |  5.1

Action                     |  1- 3 |  4- 6 || total
---------------------------+-------+-------++-------
  Melee: Mace              |    92 |   160 ||   252
         Bite              |    10 |    12 ||    22
 Invoke: Bend Time         |       |     1 ||     1
    Use: Scroll            |       |     7 ||     7
         Potion            |       |     2 ||     2
   Stab: Sleeping          |       |     1 ||     1
 Armour: Robe              |     7 |       ||     7
         Ring mail         |    19 |    58 ||    77
  Dodge: Dodged            |    53 |    90 ||   143
  Block: Buckler           |    25 |    46 ||    71

Table legend: (Time is in decaauts)
 A = Elapsed time spent in this place.
 B = Non-inter-level travel time spent in this place.
 C = Inter-level travel time spent in this place.
 D = Time resting spent in this place.
 E = Time spent auto-exploring this place.
 F = Levels seen in this place.
 G = Mean time per level.
                   A        B        C        D        E       F      G
               +--------+--------+--------+--------+--------+-----+--------+
         Total |   3773 |   3704 |     69 |      0 |   3086 |   4 |  943.2 |
       Dungeon |   3773 |   3704 |     69 |      0 |   3086 |   4 |  943.2 |
               +--------+--------+--------+--------+--------+-----+--------+

Top non-repeatable levels by time:
     D:3: 1299 daAuts
     D:4: 1004 daAuts
     D:1: 916 daAuts
     D:2: 553 daAuts
